 Dungeon Crawl Stone Soup version 0.18-a0-1589-g520a787 (webtiles) character file.

4438 MenacingMecha the Severer (level 10, -11/86 HPs)
             Began as a Hill Orc Gladiator on Mar 19, 2016.
             Was an Initiate of Ashenzari.
             Mangled by a cyclops (20 damage)
             ... on level 11 of the Dungeon.
             The game lasted 00:46:54 (9331 turns).

MenacingMecha the Severer (Hill Orc Gladiator)      Turns: 9331, Time: 00:46:54

Health: -11/86     AC: 13    Str: 20    XL:     10   Next: 36%
Magic:  10/10      EV: 17    Int: 11    God:    Ashenzari [......]
Gold:   532        SH:  0    Dex: 13    Spells: 2 memorised, 7 levels left

rFire  + . .     SeeInvis .     h - +3 broad axe of Pydosulo {chop, rF+ rC+ Int+3} (curse)
rCold  + . .     Gourm    .     m - +0 chain mail
rNeg   . . .     Faith    .     (no shield)
rPois  .         Spirit   .     c - +0 helmet
rElec  .         Dismiss  .     z - +0 cloak (curse)
rCorr  .         Reflect  .     C - +1 pair of gloves (curse)
SustAt .         Harm     .     (no boots)
MR     .....                    (no amulet)
Stlth  ..........               x - +5 ring of evasion (curse)
                                e - +4 ring of evasion

@: not resistant to hostile enchantments, extremely unstealthy
A: deterioration 1, regeneration 1, subdued magic 1
a: Curse Item, Renounce Religion


You were on level 11 of the Dungeon.
You worshipped Ashenzari.
Ashenzari was noncommittal.
You were not hungry.

You visited 2 branches of the dungeon, and saw 12 of its levels.

You collected 532 gold pieces.

Inventory:

Hand Weapons
 h - the cursed +3 broad axe of Pydosulo (weapon) {chop, rF+ rC+ Int+3}
   (You acquired it on level 5 of the Dungeon)

   It inflicts extra damage upon your enemies.
   It affects your intelligence (+3).
   It protects you from fire.
   It protects you from cold.
   It has a curse placed upon it.
Missiles
 d - a throwing net (quivered)
Armour
 c - a +0 helmet (worn)
 m - a +0 chain mail (worn)
 z - a cursed +0 cloak (worn)
 C - a cursed +1 pair of gloves (worn)
 H - a +0 scale mail of cold resistance
 M - a +3 ring mail
Jewellery
 e - a +4 ring of evasion (left hand)
 x - a cursed +5 ring of evasion (right hand)
 B - an uncursed ring of protection from magic
Wands
 b - a wand of digging (9/24)
 j - a wand of paralysis (11/24)
 w - a wand of iceblast (8/15)
 F - a wand of flame (17/48)
Scrolls
 a - a scroll of amnesia
 g - 4 scrolls of blinking
 i - 2 scrolls of remove curse
 k - a scroll of recharging
 o - 8 scrolls of identify
 p - a scroll of magic mapping
 q - a scroll of fog {unknown}
 r - 2 scrolls of teleportation
 y - a scroll of enchant armour
 L - a scroll of random uselessness {unknown}
Potions
 l - 3 potions of curing
 u - a potion of brilliance {unknown}
 A - 3 potions of flight
 E - a potion of cancellation {unknown}
 I - a potion of degeneration {unknown}
 K - a potion of agility {unknown}
 N - a potion of resistance {unknown}
Books
 s - a book of Party Tricks

   Spells                             Type                      Level
   a - Summon Butterflies             Summoning                    1
   b - Apportation                    Translocation                1
   c - Tukima's Dance                 Hexes                        3
   d - Alistair's Intoxication        Transmutation/Poison         5
   e - Invisibility                   Hexes                        6
 G - a book of Cantrips

   Spells                             Type                      Level
   a - Corona                         Hexes                        1
   b - Animate Skeleton               Necromancy                   1
   c - Summon Small Mammal            Summoning                    1
   d - Apportation                    Translocation                1
Comestibles
 f - 9 bread rations
 n - 3 fruits
 t - 4 meat rations
 v - a beef jerky
 D - a royal jelly
 J - a chunk of flesh
 O - a slice of pizza


   Skills:
 + Level 7.3 Fighting
 + Level 15.5 Axes
 - Level 5.0 Throwing
 + Level 2.5 Armour
 - Level 2.4 Dodging


You had 7 spell levels left.
You knew the following spells:

 Your Spells              Type           Power        Failure   Level  Hunger
a - Apportation           Tloc           #.........   100%        1    ##.....
b - Summon Butterflies    Summ           #.......     100%        1    ##.....


Dungeon Overview and Level Annotations

Branches:
Dungeon (11/15)            Temple (1/1) D:7
   Lair: D:8-11         Orc: D:9-12

Altars:
Ashenzari
Dithmenos
Elyvilon
Fedhas
Gozag
Kikubaaqudgha
Makhleb
Nemelex Xobeh
Okawaru
Pakellas
Ru
Sif Muna
Trog
Vehumet
Xom
Zin
The Shining One

Shops:
D:4 :

Annotations:
D:8 MenacingMecha's ghost, novice HOFi
D:10 hill giant


Innate Abilities, Weirdness & Mutations

Your body sometimes deteriorates upon taking damage.
Your natural rate of healing is unusually fast.
Your spells are a little easier to cast, but a little less powerful.


Message History

Your chain mail prevents you from hitting the cyclops.
The cyclops hits you.
You hit the cyclops but do no damage. You hit the cyclops but do no damage.
The cyclops hits you!
* * * LOW HITPOINT WARNING * * *
You hit the cyclops.
The cyclops is lightly wounded.
You hit the cyclops.
The cyclops is lightly wounded.
The cyclops hits you!
* * * LOW HITPOINT WARNING * * *
You slash the cyclops!
The cyclops is heavily wounded.
The cyclops misses you.
You slash the cyclops!
The cyclops is almost dead.
Your chain mail prevents you from hitting the cyclops.
The cyclops is almost dead.
The cyclops hits you!!
You die...

###################
#..................
#.################# #.# #.#
#(#########
###############(.........
................@C.......
####...################# #[..#
#...# #...#
#...#########################
##............................
................................
.................................


You could see a cyclops.

Vanquished Creatures
  A troll (D:9)
  A two-headed ogre (D:11)
  7 yaks
  A hungry ghost (D:11)
  A hippogriff (D:9)
  A steam dragon (D:11)
  An orc warrior (D:7)
  2 ice beasts
  2 phantoms (D:6)
  3 sky beasts
  A centaur (D:5)
  2 big kobolds
  4 killer bees (D:6)
  A scorpion (D:9)
  2 howler monkeys
  An electric eel (D:6)
  6 crimson imps
  2 giant frog zombies (D:5)
  A quasit (D:9)
  A centaur zombie (D:6)
  2 orc priests (D:7)
  3 hounds (D:7)
  Crazy Yiuf (D:3)
  9 orc wizards
  2 iguanas
  5 worker ants
  Natasha (thrice) (D:4 D:3)
  A killer bee zombie (D:9)
  A worker ant zombie (D:4)
  A gnoll (D:1)
  12 adders
  7 shadow imps
  3 oozes
  An adder skeleton (D:4)
  3 worms (D:2)
  3 dart slugs
  2 giant geckos
  35 orcs
  2 ball pythons
  6 bats
  4 giant cockroaches
  5 goblins
  10 hobgoblins
  12 kobolds
  5 quokkas
  A giant gecko zombie (D:5)
  6 giant newts
  A quokka skeleton (D:5)
  A quokka zombie (D:5)
  5 rats
193 creatures vanquished.

Vanquished Creatures (others)
  2 quokkas (D:3)
2 creatures vanquished.

Grand Total: 195 creatures vanquished

Notes
Turn   | Place    | Note
--------------------------------------------------------------
     0 | D:1      | MenacingMecha the Hill Orc Gladiator began the quest for the Orb.
     0 | D:1      | Reached XP level 1. HP: 18/18 MP: 1/1
   321 | D:1      | Reached XP level 2. HP: 23/25 MP: 2/2
  1032 | D:2      | Reached skill level 5 in Axes
  1106 | D:2      | Reached XP level 3. HP: 26/30 MP: 3/3
  1633 | D:2      | Found a faded altar to an unknown god.
  1645 | D:2      | Reached skill level 6 in Axes
  1728 | D:1      | Reached XP level 4. HP: 23/37 MP: 4/4
  2168 | D:3      | Reached skill level 7 in Axes
  2402 | D:3      | Found a white marble altar of Elyvilon.
  2490 | D:3      | Noticed Crazy Yiuf
  2497 | D:3      | Killed Crazy Yiuf
  2497 | D:3      | Reached XP level 5. HP: 42/42 MP: 5/5
  2568 | D:3      | Found an opulent altar of Gozag.
  2598 | D:3      | Found a blossoming altar of Fedhas.
  2699 | D:3      | Found a bloodstained altar of Trog.
  2898 | D:4      | Noticed Natasha
  2913 | D:4      | Killed Natasha
  2913 | D:4      | Reached skill level 8 in Axes
  3151 | D:4      | Found Xiboi's Book Shop.
  3162 | D:4      | Noticed Natasha
  3248 | D:3      | Killed Natasha
  3617 | D:3      | Noticed Natasha
  3627 | D:3      | Killed Natasha
  3627 | D:3      | Reached XP level 6. HP: 29/50 MP: 6/6
  3807 | D:4      | Reached skill level 9 in Axes
  4190 | D:5      | Entered Level 5 of the Dungeon
  4220 | D:5      | Found an oddly glowing altar of Pakellas.
  4381 | D:5      | Reached XP level 7. HP: 54/56 MP: 7/7
  4397 | D:5      | Reached skill level 10 in Axes
  4585 | D:5      | Reached skill level 11 in Axes
  4879 | D:5      | Gained mutation: Your spells are a little easier to cast, but a little less powerful. [potion of mutation]
  4879 | D:5      | Gained mutation: Your natural rate of healing is unusually fast. [potion of mutation]
  4879 | D:5      | Gained mutation: Your body sometimes deteriorates upon taking damage. [potion of mutation]
  4892 | D:5      | Identified a scroll of acquirement
  4893 | D:5      | Got a brightly glowing broad axe
  4894 | D:5      | Identified the +3 broad axe of Pydosulo {chop, rF+ rC+ Int+3} (You acquired it on level 5 of the Dungeon)
  5062 | D:6      | Found a shadowy altar of Dithmenos.
  5062 | D:6      | Found a radiant altar of Vehumet.
  5112 | D:6      | Reached skill level 12 in Axes
  5112 | D:6      | Reached XP level 8. HP: 62/62 MP: 8/8
  5159 | D:6      | Learned a level 1 spell: Apportation
  5161 | D:6      | Learned a level 1 spell: Summon Butterflies
  6289 | D:6      | Reached skill level 13 in Axes
  6957 | D:7      | Reached skill level 14 in Axes
  7198 | D:7      | Found a staircase to the Ecumenical Temple.
  7208 | Temple   | Entered the Ecumenical Temple
  7236 | Temple   | Became a worshipper of Ashenzari the Shackled
  7428 | D:7      | Reached XP level 9. HP: 68/68 MP: 9/9
  7458 | D:7      | Found a deep blue altar of Sif Muna.
  7865 | D:8      | Found a sparkling altar of Nemelex Xobeh.
  7913 | D:8      | Noticed MenacingMecha's ghost (novice HOFi)
  8279 | D:9      | Noticed a troll
  8286 | D:9      | Killed a troll
  8468 | D:9      | Reached skill level 5 in Fighting
  8512 | D:9      | Found an ancient bone altar of Kikubaaqudgha.
  8864 | D:10     | Entered Level 10 of the Dungeon
  8879 | D:10     | Reached skill level 15 in Axes
  8891 | D:10     | Reached XP level 10. HP: 74/83 MP: 10/10
  8952 | D:10     | Reached skill level 5 in Throwing
  8958 | D:10     | Noticed a hill giant
  8990 | D:9      | Reached skill level 1 in Armour
  9309 | D:11     | Noticed a cyclops
  9331 | D:11     | Mangled by a cyclops

Vault maps used:
D:1:      elethiomel_arrival_infinity_welcomes_careful_drivers
D:2:      ecumenical_altar_2
D:3:      lightli_temple_of_fire, lemuel_round_altar,
          nicolae_overflow_crystal_walls, elyvilon_altar_4, first_bread,
          minmay_three_crescents, uniq_crazy_yiuf_cottage
D:4:      serial_shops, shop, serial_forest, infiniplex_forest_lined_ring,
          infiniplex_forest_lined_corner, infiniplex_forest_clump_small,
          infiniplex_forest_clump_double, uniq_natasha
D:5:      small_statue_alley_b, johnstein_pakellas_dig
D:6:      gammafunk_temple_overflow_wave, kennysheep_generic_room_4
D:7:      kennysheep_orc_sif_temple, minmay_temple_entry_fiery
D:8:      lemuel_crystal_altar, david_lair_shrubbed
D:9:      lemuel_round_altar, serial_park_tiny_2
D:11:     orc_0_dummy, grunt_pizzeria
Temple:   temple_eino_lava_12

Skill      XL: |  1  2  3  4  5  6  7  8  9 10 |
---------------+-------------------------------+-----
Axes           | 5 6 7 8 9 12 14 15 | 15.5
Throwing       | 4 5 |  5.0
Fighting       | 6 7 |  7.3
Armour         | 2 |  2.5
Dodging        | |  2.4

Action                   |  1- 3 |  4- 6 |  7- 9 | 10-12 || total
-------------------------+-------+-------+-------+-------++-------
Melee: War axe           |   111 |   179 |    51 |       ||   341
       Broad axe         |       |       |   270 |    59 ||   329
Throw: Throwing net      |       |     1 |     1 |     2 ||     4
Invok: Curse Item        |       |       |     4 |       ||     4
Evoke: Wand              |       |       |     3 |       ||     3
  Use: Scroll            |       |       |    10 |       ||    10
       Potion            |       |       |     8 |       ||     8
 Stab: Held in net/web   |       |       |     1 |       ||     1
  Eat: Chunk             |     3 |     7 |    14 |     4 ||    28
       Beef jerky        |       |       |     1 |       ||     1
